 Dungeon Crawl Stone Soup version 0.20-a0-967-g62cfa5d (webtiles) character file.

606 Hybris the Cudgeler (level 7, -5/70 HPs)
             Began as an Ogre Fighter on Apr 7, 2017.
             Killed by divine providence
             ... invoked by an orc priest
              (12 damage)
             ... on level 5 of the Dungeon.
             The game lasted 00:11:39 (5793 turns).

Hybris the Cudgeler (Ogre Fighter)                  Turns: 5793, Time: 00:11:40

Health: -5/70      AC:  3    Str: 23      XL:     7   Next: 42%
Magic:  16/16      EV:  8    Int:  8 (9)  God:
Gold:   121        SH:  9    Dex:  8      Spells: 6/6 levels left

rFire    . . .     SeeInvis .   e - +2 dagger (speed)
rCold    . . .     Gourm    .   c - +0 shield
rNeg     . . .     Faith    .   b - +0 robe
rPois    .         Spirit   .   (helmet restricted)
rElec    .         Reflect  .   (no cloak)
rCorr    .         Harm     .   (gloves unavailable)
MR       .....                  (boots unavailable)
Stlth    +.........             (no amulet)
Regen    0.3/turn               o - ring of magical power
MPRegen  0.2/turn               (no ring)

@: no status effects
A: unfitting armour, tough skin 1
a: no special abilities


You were on level 5 of the Dungeon.
You were not hungry.

You visited 1 branch of the dungeon, and saw 5 of its levels.

You collected 121 gold pieces.

Inventory:

Hand Weapons
 a - a +0 flail
 e - a +2 dagger of speed (weapon)
Missiles
 u - 13 tomahawks (quivered)
Armour
 b - a +0 robe (worn)
 c - a +0 shield (worn)
Jewellery
 o - a ring of magical power (left hand)
 t - an uncursed ring of stealth {unknown}
Wands
 s - a wand of lightning (0/15)
Scrolls
 h - a scroll of teleportation
 l - a scroll of recharging {unknown}
 m - 4 scrolls of remove curse {unknown}
 n - a scroll of enchant armour {unknown}
 p - a scroll of fear {unknown}
 r - a scroll of blinking {unknown}
 v - a scroll of identify {unknown}
Potions
 g - a potion of might
 i - a potion of flight
 k - 5 potions of curing
 q - a potion of agility
Comestibles
 d - 3 chunks of flesh
 f - 2 bread rations
 j - 2 meat rations


   Skills:
 - Level 4.0 Fighting
 * Level 6.7 Maces & Flails
 - Level 2.6 Dodging
 - Level 3.9 Shields


You had 6 spell levels left.
You didn't know any spells.

Dungeon Overview and Level Annotations

Branches:
Dungeon (5/15)
 Temple: D:4-7

Altars:
Cheibriados
Dithmenos
Nemelex Xobeh
Trog
Yredelemnul
The Shining One


Innate Abilities, Weirdness & Mutations

You are too large for most types of armour.
You have tough skin. (AC +1)


Message History

You hit the orc priest.
The orc priest is moderately wounded.
The orc priest closely misses you.
You hit the orc priest.
The orc priest is heavily wounded.
The orc priest hits you.
* * * LOW HITPOINT WARNING * * *
You closely miss the orc priest.
The orc priest is heavily wounded.
You hit the orc priest but do no damage.
The orc priest is heavily wounded.
The orc priest hits you.
* * * LOW HITPOINT WARNING * * *
You hit the orc priest but do no damage.
The orc priest is heavily wounded.
The orc priest hits you.
* * * LOW HITPOINT WARNING * * *
The orc priest invokes the aid of Beogh against you.
Beogh smites you!
You die...

#.............#
##.......#.#..##
##............#
##.....#.#...#
####........#
###.....#..###
#####.........[.o#
............#..#o#
.........#.....#@#
####..##.##...##.#
# #..##.##...##.#
# #..##.##...##.#
# #..##......##.#
# #..####....##.#
#..# #....##.#
####..####....##.#
.................#


You could see 2 orc priests.

Vanquished Creatures
  Purgy (D:3)
  An ice beast (D:3)
  A bullfrog zombie (D:5)
  2 hounds
  An orc wizard (D:4)
  A worker ant (D:4)
  A hound skeleton (D:4)
  A worker ant zombie (D:5)
  7 adders
  6 river rats (D:5)
  An adder skeleton (D:5)
  5 worms
  A dart slug (D:1)
  4 leopard geckos
  10 orcs
  7 giant cockroaches
  5 goblins
  10 hobgoblins
  A quokka (D:2)
  6 bats
  5 frilled lizards
  16 kobolds
  32 rats
125 creatures vanquished.

Notes
Turn   | Place    | Note
-------+----------+-------------------------------------------
     0 | D:1      | Hybris the Ogre Fighter began the quest for the Orb.
     0 | D:1      | Reached XP level 1. HP: 24/24 MP: 1/1
   133 | D:1      | Reached skill level 2 in Maces & Flails
   133 | D:1      | Reached XP level 2. HP: 32/32 MP: 2/2
   432 | D:1      | Reached XP level 3. HP: 39/39 MP: 3/3
  1075 | D:2      | Found a snail-covered altar of Cheibriados.
  1385 | D:2      | Reached skill level 3 in Maces & Flails
  1385 | D:2      | Reached XP level 4. HP: 48/48 MP: 4/4
  1461 | D:2      | Found a sparkling altar of Nemelex Xobeh.
  2121 | D:3      | Noticed Purgy
  2175 | D:2      | Reached XP level 5. HP: 17/54 MP: 5/5
  2728 | D:3      | Noticed an ice beast
  2745 | D:3      | Killed an ice beast
  2745 | D:3      | Reached skill level 4 in Maces & Flails
  2745 | D:3      | Reached XP level 6. HP: 27/62 MP: 6/6
  2912 | D:3      | Killed Purgy
  2912 | D:3      | Reached skill level 5 in Maces & Flails
  3472 | D:3      | Found a bloodstained altar of Trog.
  3916 | D:4      | Reached skill level 6 in Maces & Flails
  3916 | D:4      | Reached XP level 7. HP: 60/70 MP: 7/7
  4180 | D:5      | Entered Level 5 of the Dungeon
  4691 | D:5      | Found a shadowy altar of Dithmenos.
  5496 | D:5      | Found a basalt altar of Yredelemnul.
  5591 | D:5      | Found a glowing golden altar of the Shining One.
  5793 | D:5      | Killed from afar by an orc priest

Vault maps used:
D:1:      dpeg_arrival_lava_altar
D:2:      lemuel_coloured_pillars_altar, lemuel_crystal_altar
D:3:      lemuel_doored_altar, serial_glass, glass_columns_a, glass_columns_a,
          first_bread, minmay_misc_feat_chi, uniq_purgy
D:5:      nicolae_overflow_hidden_temple, nicolae_overflow_crystal_walls,
          tso_oasis_becter, portal_sewer_entry_b, dk_rats_in_the_wall

Skill      XL: |  1  2  3  4  5  6 |
---------------+-------------------+-----
Maces & Flails | 2 3 4 6 |  6.7
Shields        | 3 |  3.9
Fighting       | |  4.0
Dodging        | |  2.6

Action                   |  1- 3 |  4- 6 |  7- 9 || total
-------------------------+-------+-------+-------++-------
Melee: Flail             |    21 |       |       ||    21
       Dagger            |   128 |   288 |   223 ||   639
Evoke: Wand              |       |     4 |       ||     4
  Use: Potion            |       |     6 |     2 ||     8
       Scroll            |       |       |     1 ||     1
 Stab: Sleeping          |     1 |     1 |     1 ||     3
  Eat: Chunk             |     1 |     6 |     7 ||    14
       Royal jelly       |       |     1 |       ||     1
Armor: Robe              |    18 |    22 |    20 ||    60
       Skin              |       |    61 |       ||    61
Dodge: Dodged            |    32 |    71 |    61 ||   164
Block: Shield            |    58 |    92 |    72 ||   222
